 Dungeon Crawl Stone Soup version 0.29-a0-824-gd827844252 (webtiles) character file.

Game seed: 11359611712268535802

42 riojii the Sneak (level 3, 0/17 HPs)
             Began as a Spriggan Enchanter on July 9, 2022.
             Succumbed to an adder's poison
             ... on level 2 of the Dungeon.
             The game lasted 00:02:23 (1320 turns).

riojii the Sneak (Spriggan Enchanter)               Turns: 1320, Time: 00:02:24

Health: 0/17       AC:  2    Str:  4    XL:     3   Next: 33%
Magic:  6/8        EV: 17    Int: 18    God:
Gold:   108        SH:  0    Dex: 15    Spells: 3/8 levels left

rFire   . . .      SeeInvis +   d - +1 dagger (speed)
rCold   . . .      Faith    .   (no shield)
rNeg    . . .      Spirit   .   b - +0 robe
rPois   .          Reflect  .   (helmet restricted)
rElec   .          Harm     .   (no cloak)
rCorr   .          Rampage  .   (gloves unavailable)
Will    .....                   (boots unavailable)
Stlth   +++.......              (no amulet)
HPRegen 0.05/turn               (no ring)
MPRegen 0.11/turn               (no ring)

@: lethally poisoned (0 -> -1), on berserk cooldown, slowed, quick
A: very small, no large weapons, unfitting armour, see invisible, speed 3
a: no special abilities


You were on level 2 of the Dungeon.
You visited 1 branch of the dungeon, and saw 2 of its levels.

You collected 108 gold pieces.

Inventory:

Hand Weapons
 d - a +1 dagger of speed (weapon)
Armour
 b - a +0 robe (worn)
Wands
 j - a wand of flame (6)
Scrolls
 a - 2 scrolls of identify {unknown}
 f - a scroll of amnesia {unknown}
 g - a scroll of poison {unknown}
 h - a scroll of enchant armour {unknown}
 i - a scroll of summoning {unknown}
Potions
 c - 2 potions of invisibility


   Skills:
 + Level 0.4 Fighting
 * Level 1.9 Short Blades
 + Level 3.0 Dodging
 * Level 4.9 Stealth
 + Level 3.0 Spellcasting
 * Level 4.2 Hexes


You had 3 spell levels left.
You knew the following spells:

 Your Spells              Type           Power      Damage    Failure   Level
a - Confusing Touch       Hex            17%        N/A       9%          3
b - Ensorcelled Hibernat  Hex/Ice        20%        N/A       11%         2

Your spell library contained the following spells:

 Spells                   Type           Power      Damage    Failure   Level
 Tukima's Dance           Hex            17%        N/A       9%          3
 Summon Small Mammal      Summ           8%         N/A       16%         1
 Dazzling Flash           Conj/Hex       20%        N/A       21%         3
 Summon Guardian Golem    Hex/Summ       10%        N/A       21%         3
 Call Canine Familiar     Summ           2%         N/A       43%         3
 Passage of Golubria      Tloc           2%         N/A       85%         4
 Silence                  Hex/Air        5%         N/A       88%         5
 Lehudib's Crystal Spear  Conj/Erth      1%         10d2      100%        8


Dungeon Overview and Level Annotations

Branches:
Dungeon (2/15)

Altars:


Innate Abilities, Weirdness & Mutations

You are very small and have problems with some larger weapons.
You are too small for most types of armour.
You have supernaturally acute eyesight. (SInv)
You cover ground extremely quickly. (Speed+++)


Message History

The adder bites you.
Cast which spell? (? or * to list)
The spell is extremely dangerous to miscast (9% risk of failure)!
Continue anyway?
Your hands begin to glow red.
The adder bites you but does no damage.
You hit the adder but do no damage.
The adder is severely wounded.
The adder bites you.
You are lethally poisoned!
The adder poisons you!
You hit the adder but do no damage.
The adder appears confused.
The adder is severely wounded.
* * * LOW HITPOINT WARNING * * *
You feel sick. The adder completely misses you.
The adder bites itself.
You strike the helpless adder from behind!
You puncture the adder!
You kill the adder!
Your Dodging skill increases to level 3!
* * * LOW HITPOINT WARNING * * *
You feel sick.
You see here an adder corpse.
* * * LOW HITPOINT WARNING * * *
You feel sick.
There is a lethal amount of poison in your body!
It was a potion of berserk rage.
A red film seems to cover your vision as you go berserk!
You feel yourself moving faster!
You feel mighty!
* * * LOW HITPOINT WARNING * * *
You feel sick.
You feel a strong urge to attack something.
* * * LOW HITPOINT WARNING * * *
You feel sick.
You feel your anger nearly subside.
You are no longer berserk.
You are exhausted.
You feel yourself slow down.
There is a lethal amount of poison in your body!
There is a lethal amount of poison in your body!
There is a lethal amount of poison in your body!
* * * LOW HITPOINT WARNING * * *
You feel sick.
You die...

#...........#
#........##.#
###########.# ##
#.# ##.# #.# ##..
#.# #... #.#
#.##########.#
#...@........#
#.###.############
#.....# #####†#
#..# #.## ## #..
.# #.# .## ..#


There were no monsters in sight!

Vanquished Creatures
  An adder (D:2)
  5 bats
  4 endoplasms (D:1)
  2 giant cockroaches (D:1)
  6 goblins
  A hobgoblin (D:1)
  5 kobolds (D:1)
  3 ball pythons (D:1)
  3 frilled lizards
  2 rats
32 creatures vanquished.

Vanquished Creatures (others)
  4 toadstools (D:1)
4 creatures vanquished.

Grand Total: 36 creatures vanquished

Notes
Turn   | Place    | Note
-------+----------+-------------------------------------------
     0 | D:1      | riojii the Spriggan Enchanter began the quest for the Orb.
     0 | D:1      | Reached XP level 1. HP: 9/9 MP: 5/5
   314 | D:1      | Reached XP level 2. HP: 13/13 MP: 6/6
   856 | D:1      | Reached XP level 3. HP: 17/17 MP: 6/8
   860 | D:1      | Learned a level 3 spell: Confusing Touch
   863 | D:1      | Learned a level 2 spell: Ensorcelled Hibernation
  1320 | D:2      | Succumbed to an adder's poison

Illustrated notes

Levels and vault maps discovered:
D:1:      ldierk_walled_garden_2, layout_basic, minmay_pentomino_u4
D:2:      layout_loops_ring, minmay_goblin_kobold_house

Skill      XL: |  1  2  3 |
---------------+----------+-----
Hexes          | 4 |  4.2
Spellcasting   | 3 |  3.0
Dodging        | 3 |  3.0
Fighting       | |  0.4
Short Blades   | |  1.9
Stealth        | |  4.9

Action                   || total
-------------------------++-------
Melee: Dagger            ||   100
 Cast: Confusing Touch   ||     1
  Use: Potion            ||     1
 Stab: Sleeping          ||    11
       Confused          ||     1
Armor: Robe              ||    12
Dodge: Dodged            ||    57

Table legend: (Time is in decaauts)
 A = Elapsed time spent in this place.
 B = Non-inter-level travel time spent in this place.
 C = Inter-level travel time spent in this place.
 D = Time resting spent in this place.
 E = Time spent auto-exploring this place.
 F = Levels seen in this place.
 G = Mean time per level.
                   A        B        C        D        E       F      G
               +--------+--------+--------+--------+--------+-----+--------+
         Total |    967 |    950 |     17 |      0 |    775 |   2 |  483.5 |
       Dungeon |    967 |    950 |     17 |      0 |    775 |   2 |  483.5 |
               +--------+--------+--------+--------+--------+-----+--------+

Top non-repeatable levels by time:
     D:1: 807 daAuts
     D:2: 159 daAuts
